 Dungeon Crawl Stone Soup version 0.25.1-2-g60ff931df9 (webtiles) character file.

Game seed: 16935950885040678962

2282 Delamore the Basher (level 9, 54/54 HPs)
             Began as a Gargoyle Fighter on Nov 6, 2020.
             Starved to death
             ... on level 8 of the Dungeon.
             The game lasted 00:06:35 (7405 turns).

Delamore the Basher (Gargoyle Fighter)              Turns: 7405, Time: 00:06:36

Health: 54/54      AC: 26    Str: 28    XL:     9   Next: 39%
Magic:  9/9        EV:  5    Int: 10    God:
Gold:   515        SH: 10    Dex:  9    Spells: 8/8 levels left

rFire    . . .     SeeInvis .   k - +3 morningstar (freeze)
rCold    . . .     Gourm    .   c - +0 kite shield
rNeg     + . .     Faith    .   x - +0 plate armour
rPois    ∞         Spirit   .   t - +2 helmet
rElec    +         Reflect  .   n - +0 cloak
rCorr    .         Harm     .   (no gloves)
MR       .....                  (no boots)
Stlth    ..........             (no amulet)
HPRegen  0.18/turn              G - +4 ring of protection
MPRegen  0.11/turn              q - +6 ring of strength

@: very slightly contaminated, fainting
A: negative energy resistance 1, electricity resistance, unbreathing,
petrification resistance, rot immunity, AC +6
a: no special abilities


You were on level 8 of the Dungeon.
You were fainting.

You visited 2 branches of the dungeon, and saw 9 of its levels.

You collected 515 gold pieces.

Inventory:

Hand Weapons
 k - a +3 morningstar of freezing (weapon)
Missiles
 m - 38 poisoned darts (quivered)
Armour
 c - a +0 kite shield (worn)
 n - a +0 cloak (worn)
 t - a +2 helmet (worn)
 x - a +0 plate armour (worn)
Jewellery
 a - an uncursed ring of ice
 i - an uncursed ring of resist corrosion
 q - a +6 ring of strength (right hand)
 E - a +4 ring of evasion
 G - a +4 ring of protection (left hand)
 K - an uncursed ring of protection from fire
Wands
 y - a wand of digging (2)
Scrolls
 f - a scroll of identify
 g - 4 scrolls of blinking
 l - 5 scrolls of teleportation
 o - 3 scrolls of fog
 u - 2 scrolls of immolation
 w - 2 scrolls of enchant weapon
 A - 2 scrolls of amnesia {unknown}
 B - a scroll of magic mapping {unknown}
 C - a scroll of noise
 D - a scroll of brand weapon {unknown}
 F - a scroll of fear
 H - a scroll of vulnerability {unknown}
 I - a scroll of remove curse
 L - a scroll of acquirement {unknown}
Potions
 d - 3 potions of might
 e - 3 potions of brilliance {unknown}
 h - 3 potions of haste {unknown}
 j - 4 potions of resistance {unknown}
 p - a potion of berserk rage {unknown}
 r - 3 potions of curing {unknown}
 s - a potion of flight {unknown}
 v - 2 potions of lignification {unknown}
 z - 2 potions of magic {unknown}


   Skills:
 - Level 5.0 Fighting
 + Level 9.9 Maces & Flails
 - Level 5.0 Throwing
 - Level 3.2 Armour
 - Level 5.0 Shields


You had 8 spell levels left.
You didn't know any spells.
Your spell library was empty.

Dungeon Overview and Level Annotations

Branches:
Dungeon (8/15)             Temple (1/1) D:4
   Lair: D:8-11

Altars:
Ashenzari
Dithmenos
Elyvilon
Fedhas
Gozag
Hepliaklqana
Kikubaaqudgha
Nemelex Xobeh
Qazlal
Ru
Sif Muna
Trog
Uskayaw
Vehumet
Wu Jian
Xom
Yredelemnul
Zin
The Shining One

Shops:
D:4 :   D:6 (


Innate Abilities, Weirdness & Mutations

You are resistant to torment.
Your stone body is resilient. (AC +6)
You are immune to poison.
You resist negative energy. (rN+)
You are resistant to electric shocks. (rElec)
You can survive without breathing.
You are immune to petrification.
You are immune to rotting.


Message History

There is a stone staircase leading up here.
The hungry ghost hits you.
You feel slightly more hungry.
You climb upwards.
There is a stone staircase leading down here.
You block the hungry ghost's attack.
You climb downwards.
There is a stone staircase leading up here.
The hungry ghost hits you.
You feel slightly more hungry.
You climb upwards.
There is a stone staircase leading down here.
Blink to where?
Press: ? - help, Dir - move target cursor You are very lightly contaminated with residual magic.
As you read the scroll of blinking, it crumbles to dust.
You climb downwards.
There is a stone staircase leading up here.
You need to eat something NOW!
An orc warrior comes into view. It is wielding a +0 flail.
You have starved to death.
You die...

#...# #.#.#.#.#.# #...#
#.........# ##.##
#####.#...## ### #.#
#..###.# ....##.###
#......##
#......##########..#....
##..............(....###
+.#.#..#.#..####.####
###...@<......##.#
........†.#..#.##.#
o.##.#..###..#.##.# .
......##........#
###.#.......#.#.##
.....###.<.....# ......
#..#..#.# #.....
#..#.##.# ...... #


You could see an orc warrior (wandering).

Vanquished Creatures
  A black bear (D:8)
  2 sky beasts
  An ogre (D:6)
  A centaur (D:5)
  Blork the orc (D:5)
  A big kobold (D:7)
  4 bullfrogs
  A scorpion (D:8)
  A wyvern skeleton (D:6)
  13 killer bees
  3 wights
  2 howler monkeys (D:5)
  2 crimson imps (D:7)
  2 centaur zombies (D:7)
  An orc priest (D:5)
  A jelly (D:6)
  A bullfrog skeleton (D:5)
  3 worker ants
  2 iguanas (D:6)
  A hound skeleton (D:8)
  Robin (D:2)
  8 adders
  2 shadow imps (D:5)
  2 oozes (D:1)
  3 worms (D:2)
  An adder zombie (D:5)
  A dart slug (D:2)
  3 leopard geckos
  10 orcs
  A ball python (D:1)
  6 bats
  3 giant cockroaches
  15 goblins
  13 hobgoblins
  5 jackals (D:3)
  10 kobolds
  2 quokkas
  5 frilled lizards
  5 rats
140 creatures vanquished.

Notes
Turn   | Place    | Note
-------+----------+-------------------------------------------
     0 | D:1      | Delamore the Gargoyle Fighter began the quest for the Orb.
     0 | D:1      | Reached XP level 1. HP: 14/14 MP: 1/1
   163 | D:1      | Reached XP level 2. HP: 18/19 MP: 2/2
   411 | D:1      | Reached XP level 3. HP: 24/24 MP: 3/3
  1243 | D:2      | Reached XP level 4. HP: 28/29 MP: 4/4
  1296 | D:2      | Reached skill level 3 in Maces & Flails
  1499 | D:2      | Found a basalt altar of Yredelemnul.
  1727 | D:2      | Noticed Robin
  1740 | D:2      | Killed Robin
  1757 | D:2      | Reached XP level 5. HP: 32/34 MP: 5/5
  2574 | D:3      | Found a sparkling altar of Nemelex Xobeh.
  3253 | D:4      | Found Xoym Isy's Book Shop.
  3317 | D:4      | Found a stormy altar of Qazlal.
  3331 | D:4      | Found a glowing silver altar of Zin.
  3565 | D:4      | Found a staircase to the Ecumenical Temple.
  3569 | Temple   | Entered the Ecumenical Temple
  3952 | D:5      | Entered Level 5 of the Dungeon
  3962 | D:5      | Noticed a sky beast
  3971 | D:5      | Killed a sky beast
  3971 | D:5      | Reached skill level 1 in Throwing
  3971 | D:5      | Reached skill level 5 in Shields
  3971 | D:5      | Reached XP level 6. HP: 34/40 MP: 6/6
  3977 | D:5      | Reached skill level 5 in Fighting
  3977 | D:5      | Reached skill level 4 in Maces & Flails
  4254 | D:5      | Noticed Blork the orc
  4271 | D:5      | Killed Blork the orc
  4271 | D:5      | Reached XP level 7. HP: 23/44 MP: 7/7
  4585 | D:5      | Found a radiant altar of Vehumet.
  4643 | D:5      | Reached skill level 5 in Maces & Flails
  4919 | D:6      | Found Vooffuawn's Weapon Boutique.
  5145 | D:6      | Reached XP level 8. HP: 26/49 MP: 8/8
  5291 | D:6      | Reached skill level 6 in Maces & Flails
  5517 | D:6      | Found an ancient bone altar of Kikubaaqudgha.
  6176 | D:6      | Reached skill level 5 in Throwing
  6193 | D:7      | Reached skill level 7 in Maces & Flails
  6251 | D:7      | Found an ornate altar of the Wu Jian Council.
  6582 | D:7      | Found a shattered altar of Ashenzari.
  6584 | D:7      | Reached skill level 8 in Maces & Flails
  6832 | D:8      | Reached XP level 9. HP: 54/54 MP: 9/9
  6856 | D:7      | Reached skill level 9 in Maces & Flails
  7405 | D:8      | Starved to death

Illustrated notes

Levels and vault maps discovered:
D:1:      onia_arrival_mini_maze_b, layout_basic, serial_corexii_hall,
          corexii_hall_statues_x, corexii_hall_statues_l,
          corexii_hall_statues_deadend, corexii_hall_statues_x
D:2:      layout_loops_cross, old_standard_altar, minmay_tiny_reverse_x,
          uniq_robin
D:3:      layout_basic, marbit_many_paths
D:4:      layout_loops_ring, kennysheep_mini_moat, temple_hall_moat,
          serial_shops, shop, first_ration, grunt_qazlal_clouds
D:5:      layout_basic, vehumet_crystals, uniq_blork_the_orc
D:6:      layout_basic, kennysheep_little_box, serial_shops, shop,
          kennysheep_generic_room_16
D:7:      layout_loops_ring, overflow_temple_1_default,
          nicolae_overflow_crystal_walls
D:8:      layout_loops_cross, okawaru_trees_2, kennysheep_mini,
          old_standard_altar, basic_altar
Temple:   hc_temple_tempest_star

Skill      XL: |  1  2  3  4  5  6  7  8  9 |
---------------+----------------------------+-----
Shields        | 4 5 |  5.0
Fighting       | 4 5 |  5.0
Maces & Flails | 3 4 5 8 9 |  9.9
Throwing       | 1 2 4 5 |  5.0
Armour         | |  3.2

Action                   |  1- 3 |  4- 6 |  7- 9 || total
-------------------------+-------+-------+-------++-------
Melee: Flail             |   116 |   234 |   142 ||   492
       Morningstar       |       |       |   150 ||   150
Throw: Dart              |       |     8 |       ||     8
  Use: Scroll            |       |     8 |     2 ||    10
  Eat: Chunk             |     1 |     8 |       ||     9
       Ration            |       |     1 |     3 ||     4
Armor: Scale mail        |    73 |   118 |    39 ||   230
       Plate armour      |       |       |   281 ||   281
Dodge: Dodged            |    41 |    81 |   147 ||   269
Block: Kite shield       |    63 |   139 |   272 ||   474
